 Dungeon Crawl Stone Soup version 0.28.0-45-g0d030f2227 (webtiles) character file.

Game seed: 12584591659730307349

61 McKennaii the Skirmisher (level 3, -3/29 HPs)
             Began as a Demonspawn Fighter on Apr 5, 2022.
             Killed from afar by Terence (9 damage)
             ... with a puff of flame
             ... on level 2 of the Dungeon.
             The game lasted 00:02:58 (1988 turns).

McKennaii the Skirmisher (Demonspawn Fighter)       Turns: 1988, Time: 00:02:59

Health: -3/29      AC: 12    Str: 18    XL:     3   Next: 83%
Magic:  3/3        EV:  9    Int:  9    God:
Gold:   23         SH:  4    Dex: 12    Spells: 2/2 levels left

rFire   . . .      SeeInvis .   a - +0 trident
rCold   + . .      Faith    .   c - +0 buckler
rNeg    . . .      Spirit   .   b - +0 scale mail
rPois   .          Reflect  .   (no helmet)
rElec   .          Harm     .   (no cloak)
rCorr   .          Rampage  .   (no gloves)
Will    .....                   (no boots)
Stlth   ..........              (no amulet)
HPRegen 0.09/turn               h - ring of protection from cold
MPRegen 0.08/turn               (no ring)

@: sanguine armoured
A: powered by death 1, sanguine armour 1
a: no special abilities


You were on level 2 of the Dungeon.
You visited 1 branch of the dungeon, and saw 2 of its levels.

You collected 23 gold pieces.

Inventory:

Hand Weapons
 a - a +0 trident (weapon)
Armour
 b - a +0 scale mail (worn)
 c - a +0 buckler (worn)
Jewellery
 h - a ring of protection from cold (left hand)
Scrolls
 e - a scroll of brand weapon {unknown}
 f - 5 scrolls of identify {unknown}
 i - a scroll of blinking {unknown}
 j - a scroll of fog {unknown}
Potions
 d - a potion of might
 g - a potion of haste {unknown}
 k - a potion of heal wounds {unknown}


   Skills:
 + Level 3.5 Fighting
 + Level 2.4 Polearms
 + Level 3.1 Armour
 + Level 3.1 Shields


You had 2 spell levels left.
You didn't know any spells.
Your spell library contained the following spells:

 Spells                   Type           Power      Damage    Failure   Level
 Magic Dart               Conj           0%         1d3       86%         1
 Searing Ray              Conj           0%         2d4       94%         2
 Fulminant Prism          Conj/Hex       0%         3d6       100%        4


Dungeon Overview and Level Annotations

Branches:
Dungeon (2/15)

Altars:

Shops:
D:1 !

Annotations:
D:2 Terence


Innate Abilities, Weirdness & Mutations

You regenerate a little health from kills.
When seriously injured, your blood forms armour. (AC +6)


Message History

The quokka bites you but does no damage.
You closely miss the quokka. The quokka barely misses you. x2
You miss the quokka.
The quokka bites you but does no damage.
You puncture the quokka!
You kill the quokka!
No target in view!
f - 5 scrolls labelled FIHYOR TIUDUN (gained 1) Terence the Incautious comes into view.
He is wielding a +0 flail and carrying a wand of flame (13).
Terence shouts!
Terence zaps a wand.
The puff of flame hits you!
Terence is nearby!
Reach: a) +0 trident
Press: ? - help, Dir - move target, f - you
Okay, then.
You start resting.
Terence is nearby!
You hit Terence but do no damage. Terence hits you but does no damage.
You closely miss Terence.
Terence zaps a wand.
The puff of flame hits you.
You puncture Terence!
Terence is moderately wounded.
Terence hits you with a +0 flail!
Your blood congeals into armour.
You are too injured to fight recklessly!
You are too injured to fight recklessly!
You are too injured to fight recklessly!
You are too injured to fight recklessly!
You are too injured to fight recklessly!
You are too injured to fight recklessly!
You are too injured to fight recklessly!
You are too injured to fight recklessly!
You are too injured to fight recklessly!
You are too injured to fight recklessly!
You are too injured to fight recklessly!
Terence closely misses you.
Terence zaps a wand.
The puff of flame misses you.
Terence zaps a wand.
The puff of flame hits you.
Terence zaps a wand.
The puff of flame hits you!
* * * LOW HITPOINT WARNING * * *
Terence zaps a wand.
The puff of flame hits you!
You die...

## .# .# .## ..#
..##### ....[.#
...##.# ###########
....#.# #.......@.#
....#.#.#.#######.#
....#.#.#.#<....#.#
......#.#.#####.#.#
.....##.#.......#.#
.....##.#.#######@#
.#....#.#.# #.#
##.#..#.#########.###
......#.............#


You could see Terence.

Vanquished Creatures
  An adder (D:2)
  A dart slug (D:1)
  3 ball pythons
  5 bats
  5 endoplasms (D:1)
  2 giant cockroaches (D:1)
  3 goblins
  2 hobgoblins
  6 jackals (D:1)
  4 quokkas
  3 frilled lizards
  5 kobolds
  5 rats
45 creatures vanquished.

Notes
Turn   | Place    | Note
-------+----------+-------------------------------------------
     0 | D:1      | McKennaii the Demonspawn Fighter began the quest for the
                  | Orb.
     0 | D:1      | Reached XP level 1. HP: 18/18 MP: 1/1
   150 | D:1      | Gained mutation: When seriously injured, your blood forms
                  | armour. (AC +6) [demonic ancestry]
   150 | D:1      | Reached XP level 2. HP: 16/24 MP: 2/2
   554 | D:1      | Found a faded altar of an unknown god.
   741 | D:1      | Gained mutation: You regenerate a little health from kills.
                  | [demonic ancestry]
   741 | D:1      | Reached XP level 3. HP: 29/29 MP: 3/3
   832 | D:1      | Found Vunoi's Distillery.
  1503 | D:2      | Noticed a black bear
  1927 | D:2      | Noticed Terence
  1988 | D:2      | Killed from afar by Terence

Illustrated notes

Levels and vault maps discovered:
D:1:      erik_arrival_cave_to_civilisation [erik_arrival_cave_to_hall],
          layout_basic, serial_shops, nicolae_shop_behind_doors,
          ebering_ecumenical_altar_mist, grunt_decor_cap
D:2:      layout_basic, uniq_terence

Skill      XL: |  1  2 |
---------------+-------+-----
Polearms       | 2 |  2.4
Shields        | 3 |  3.1
Armour         | 3 |  3.1
Fighting       | |  3.5

Action                   || total
-------------------------++-------
Melee: Trident           ||   154
Armor: Scale mail        ||    54
Dodge: Dodged            ||    54
Block: Buckler           ||    36
